 Dungeon Crawl Stone Soup version 0.18.1-50-g88ac8fd (console) character file.

48 Goblin1989 the Chiller (level 3, -2/24 HPs)
             Began as a Demonspawn Ice Elementalist on Sept 20, 2016.
             Killed from afar by Natasha (7 damage)
             ... with a magic dart
             ... on level 2 of the Dungeon.
             The game lasted 00:08:24 (1920 turns).

Goblin1989 the Chiller (DsIE)                       Turns: 1920, Time: 00:08:25

Health: -2/24      AC:  2    Str:  8    XL:     3   Next: 50%
Magic:  4/6        EV: 14    Int: 19    God:
Gold:   43         SH:  0    Dex: 13    Spells: 2 memorised, 4 levels left

rFire  . . .     SeeInvis .     (no weapon)
rCold  . . .     Gourm    .     a - +0 robe
rNeg   . . .     Faith    .     (no shield)
rPois  .         Spirit   .     (no helmet)
rElec  .         Dismiss  .     (no cloak)
rCorr  .         Reflect  .     (no gloves)
SustAt .         Harm     .     (no boots)
MR     .....                    (no amulet)
Stlth  ++........               g - +2 ring of intelligence
                                (no ring)

@: not resistant to hostile enchantments, unstealthy
A: repulsion field 1, powered by pain 1
a: no special abilities


You were on level 2 of the Dungeon.
You were not hungry.

You visited 1 branch of the dungeon, and saw 2 of its levels.

You collected 43 gold pieces.

Inventory:

Armour
 a - a +0 robe (worn)
Jewellery
 f - an uncursed ring of fire
 g - a +2 ring of intelligence (right hand)
Scrolls
 e - 2 scrolls of teleportation {unknown}
 i - a scroll of amnesia {unknown}
Books
 b - a book of Frost

   Spells                             Type                      Level
   a - Freeze                         Ice                          1
   b - Throw Frost                    Conjuration/Ice              2
   c - Ozocubu's Armour               Charms/Ice                   3
   d - Throw Icicle                   Conjuration/Ice              4
   e - Summon Ice Beast               Ice/Summoning                4
Comestibles
 c - a bread ration
 d - a meat ration
 h - a royal jelly
 j - a chunk of flesh


   Skills:
 - Level 1.7 Dodging
 - Level 1.7 Stealth
 + Level 2.5 Spellcasting
 * Level 1.2 Conjurations
 * Level 3.7 Ice Magic


You had 4 spell levels left.
You knew the following spells:

 Your Spells              Type           Power        Failure   Level  Hunger
a - Freeze                Ice            ###.         4%          1    #......
b - Throw Frost           Conj/Ice       ##....       10%         2    ##.....


Dungeon Overview and Level Annotations

Branches:
Dungeon (2/15)

Altars:

Annotations:
D:2 Natasha, Sigmund


Innate Abilities, Weirdness & Mutations

You are surrounded by a mild repulsion field (EV +2).
You sometimes gain a little power by taking damage.


Message History

Natasha, Servant of Life and Death comes into view.
Natasha hisses angrily.
Natasha casts a spell at you. The magic dart hits you!
You take 10 damage, and have 7/24 hp.
MASSIVE DAMAGE!!
Natasha casts a spell.
You see here a club.
Natasha wildly gestures.
Natasha's fingertips start to glow.
Natasha mumbles some strange words.
Natasha drinks a potion.
Natasha seems to grow stronger.
The crimson imp hits you but does no damage.
Natasha claws you.
* * * LOW HITPOINT WARNING * * *
You take 2 damage, and have 5/24 hp.
The crimson imp completely misses you.
Natasha casts a spell.
Natasha stares at you and mumbles some strange words.
The magic dart hits you!
You die...

ਜਜਜ ਜਜਜ. . ਜਜ.. ਜ ... .ਜ ਜ. ਜਜਜ
ਜ.. ਜਜਜਜਜ.ਜਜ.... ਜ.ਜ .. ਜ.ਜ
ਜਜ......>ਜਜ.ਜਜ.ਜ ਜ. ਜਜ.ਜ
ਜ........ਜਜ..ਜ.ਜਜਜਜਜਜ.ਜਜਜਜਜਜ..ਜਜਜ
.@.......ਜ ਜ.......ਜਜ............
.ਜ.<.....ਜ ਜ.......ਜਜਜ.......ਜਜਜਜ
.ਜਜਜਜਜਜਜਜਜ ਜ...5@>.ਜਜ..ਜਜਜਜਜਜਜ .ਜ
ਜਜਜਜ5......ਜਜ.ਜਜ ਜਜ
ਜ.<..h5...ਜਜਜ.ਜ ਜ ਜ.........ਜਜਜ.ਜ
ਜ ਜਜਜ)............ਜਜਜਜਜ
ਜਜਜਜਜਜਜ...(.................
............................
ਜ......(..........ਜਜਜਜਜਜਜਜਜਜ
ਜ......ਜਜ.........ਜ


You could see Natasha, 2 crimson imps and a white imp.

Vanquished Creatures
  Natasha (D:2)
  A dart slug (D:1)
  4 giant cockroaches (D:1)
  A goblin (D:1)
  2 hobgoblins (D:1)
  3 bats (D:1)
  4 giant newts
  3 kobolds
  5 rats
24 creatures vanquished.

Notes
Turn   | Place    | Note
--------------------------------------------------------------
     0 | D:1      | Goblin1989 the Demonspawn Ice Elementalist began the quest for the Orb.
     0 | D:1      | Reached XP level 1. HP: 13/13 MP: 3/3
   291 | D:1      | Reached skill level 3 in Ice Magic
   531 | D:1      | Gained mutation: You sometimes gain a little power by taking damage. [demonic ancestry]
   531 | D:1      | Reached XP level 2. HP: 19/19 MP: 1/5
   579 | D:1      | Learned a level 2 spell: Throw Frost
  1637 | D:2      | Noticed Sigmund
  1800 | D:2      | Noticed Natasha
  1893 | D:2      | Killed Natasha
  1893 | D:2      | Gained mutation: You are surrounded by a mild repulsion field (EV +2). [demonic ancestry]
  1893 | D:2      | Reached XP level 3. HP: 16/24 MP: 1/6
  1910 | D:2      | Noticed Natasha
  1920 | D:2      | Killed from afar by Natasha

Skill      XL: |  1 |
---------------+----+-----
Ice Magic      | 3 |  3.7
Dodging        | |  1.7
Stealth        | |  1.7
Spellcasting   | |  2.5
Conjurations   | |  1.2

Action                   || total
-------------------------++-------
Melee: Unarmed           ||     1
 Cast: Freeze            ||    28
       Throw Frost       ||    13
  Eat: Chunk             ||     4
Armor: Robe              ||    10
Dodge: Dodged            ||    24

Vault maps used:
D:1:      dpeg_arrival_rhombus, columned_hall_lemuel
D:2:      first_bread, uniq_natasha, uniq_sigmund, uniq_iyjb
